Map: Ulrena

Players

capac - Winner!

  • Race: Terran Terran
  • League: Gold

Mat

  • Race: Protoss Protoss

VOD

Have the link to the VOD?

Description

Time

  • Played on: May 5, 2016, 1:53 p.m.
  • Length: 18:14
Show
View Real Time Build Order
Export as new Build Order

capac Terran - Winner!

Build Orders: Reaper Expand, MMM Bio 

Get SALT Encoding   

  12  0:01  SCV  
  13  0:13  SCV  
  14  0:18  Supply Depot  
  14  0:25  SCV  
  15  0:40  SCV  
  15  0:41  Barracks  
  16  0:48  Refinery  
  16  0:52  SCV  
  17  1:04  SCV  
  18  1:16  SCV  
  19  1:28  Orbital Command  
  19  1:32  Reaper  
  20  1:51  Command Center  
  20  1:57  SCV  
  20  1:59  Supply Depot  
  21  2:03  Marine  
  22  2:09  SCV  
  22  2:14  Factory  
  23  2:21  SCV  
  24  2:30  Barracks  
  24  2:31  Barracks Reactor  
  24  2:35  SCV  
  24  2:38  Refinery  
  24  2:52  SCV  
  25  2:59  Factory Tech Lab  
  25  3:12  Bunker  
  25  3:13  Orbital Command  
  25  3:15  Marine x2  
  25  3:18  Starport  
  27  3:20  Siege Tank  
  27  3:23  Marine  
  31  3:29  Barracks  
  31  3:30  SCV  
  32  3:42  SCV  
  32  3:44  Starport  
  32  3:45  Marine  
  34  3:55  SCV x2  
  36  4:04  Supply Depot  
  36  4:05  Engineering Bay  
  36  4:07  Marine  
  36  4:08  Marine x2  
  39  4:16  Siege Tank  
  42  4:23  Medivac  
  44  4:28  SCV x2  
  44  4:29  Barracks Tech Lab  
  44  4:31  Refinery  
  46  4:36  Supply Depot  
  45  4:43  SCV x2  
  47  4:45  Barracks Reactor  
  47  4:46  Marine x2  
  49  4:55  SCV x2  
  49  4:56  Starport Reactor  
  51  5:04  Marine x2  
  51  5:05  Marine  
  54  5:09  Stimpack  
  54  5:10  SCV x2  
  54  5:13  Supply Depot  
  56  5:23  Marine x3  
  56  5:24  Marine x2  
  56  5:26  SCV  
  62  5:34  Medivac x2  
  66  5:39  SCV x2  
  68  5:43  Refinery  
  68  5:48  Missile Turret  
  68  6:00  Missile Turret  
  46  6:46  SCV x2  
  48  6:53  Missile Turret  
  48  6:55  Missile Turret  
  48  7:09  Marine  
  48  7:10  Marine x4  
  53  7:22  SCV x2  
  55  7:27  Marine x2  
  55  7:28  Marine  
  58  7:34  SCV x2  
  58  7:35  Medivac x2  
  61  7:46  SCV x2  
  63  7:55  Missile Turret  
  63  7:56  Marine x5  
  68  8:03  SCV x2  
  68  8:05  Terran Infantry Weapons Level 1  
  70  8:11  Combat Shields  
  69  8:21  Siege Tank  
  68  8:28  Liberator  
  68  8:31  Marine x2  
  68  8:34  Liberator  
  70  8:42  Supply Depot x2  
  70  8:45  Marine x3  
  76  8:48  Marine  
  76  8:49  Marine  
  81  9:03  Marine x2  
  81  9:07  Command Center  
  81  9:09  Siege Tank  
  86  9:10  Marine x2  
  86  9:11  Marine  
  86  9:16  Supply Depot  
  89  9:18  SCV x2  
  91  9:43  Marine x5, Liberator x2  
  96  9:58  Concussive Shells  
  96  10:00  Marine  
  96  10:01  Marine  
  96  10:02  Supply Depot, SCV  
  96  10:03  SCV  
  106  10:15  Barracks  
  106  10:16  Barracks  
  106  10:17  SCV x2  
  106  10:21  Orbital Command  
  108  10:24  Supply Depot  
  108  10:27  Liberator  
  108  10:28  Supply Depot  
  108  10:30  SCV x2  
  110  10:42  SCV x2  
  115  10:53  Starport  
  115  10:54  Marine x3, SCV  
  115  10:55  Marine  
  120  11:02  Terran Infantry Armor Level 1  
  120  11:04  Barracks Reactor x2  
  120  11:06  Orbital Command  
  120  11:09  Engineering Bay  
  120  11:11  Armory  
  120  11:36  Missile Turret  
  116  11:57  SCV x2  
  116  11:58  SCV  
  116  12:00  Liberator  
  117  12:04  Terran Infantry Weapons Level 2, Liberator  
  117  12:06  Marine, Missile Turret  
  117  12:07  Marine x7  
  117  12:08  Supply Depot  
  126  12:10  Supply Depot  
  126  12:11  Marauder  
  126  12:14  Starport Reactor  
  133  12:24  Marine  
  133  12:25  Marine x6  
  140  12:32  Marauder  
  140  12:33  Missile Turret  
  140  12:35  Liberator  
  140  12:36  Liberator  
  142  12:39  Supply Depot  
  142  12:46  Supply Depot  
  142  12:48  SCV  
  142  12:49  SCV x2  
  145  12:57  Refinery, Missile Turret  
  151  13:01  Terran Infantry Armor Level 2, SCV  
  152  13:06  Supply Depot  
  151  14:17  Medivac x2  
  151  14:20  Refinery  
  155  14:26  Supply Depot  
  155  14:27  Supply Depot, Starport, Terran Ship Weapons Level 1  
  155  14:28  Terran Infantry Weapons Level 3  
  155  14:50  Barracks  
  155  14:53  Barracks  
  155  15:03  Medivac x2  
  159  15:07  Medivac x2  
  159  15:08  Barracks  
  159  15:12  Barracks  
  159  15:13  Marine  
  159  15:14  Marine x8  
  172  15:24  Liberator x4  
  172  15:31  Marine x6, Command Center  
  172  15:32  Marine x3  
  181  15:39  Siege Tank  
  196  15:57  Barracks Reactor  
  196  16:00  Barracks Reactor  
  196  16:09  Starport Reactor  
  196  16:10  Command Center  
  196  16:23  Medivac  
  196  16:24  Medivac  
  200  16:39  Barracks Reactor  
  200  16:41  Barracks Reactor  
  200  16:43  Factory  
  200  16:58  Missile Turret  
  176  17:08  Marine  
  176  17:09  Marine x10  
  187  17:23  Marine  
  187  17:24  Marine x4  
  187  17:25  Marine  
  193  17:50  Marine x6  
  193  17:51  Marine  
  194  18:10  Supply Depot  
Show
View Real Time Build Order
Export as new Build Order

Mat Protoss 

Build Orders:  

Get SALT Encoding   

  12  0:02  Probe (Chrono Boost)  
  13  0:13  Probe (Chrono Boost)  
  14  0:18  Pylon  
  14  0:23  Probe (Chrono Boost)  
  15  0:37  Probe (Chrono Boost), Gateway  
  16  0:47  Probe (Chrono Boost)  
  16  0:49  Assimilator  
  17  0:58  Probe (Chrono Boost)  
  18  1:08  Probe (Chrono Boost)  
  19  1:14  Pylon  
  19  1:24  Probe (Chrono Boost)  
  20  1:26  Cybernetics Core  
  20  1:35  Probe (Chrono Boost)  
  21  1:45  Pylon  
  20  1:49  Probe (Chrono Boost)  
  21  1:56  Nexus  
  21  2:00  Pylon  
  23  2:08  Mothership Core (Chrono Boost)  
  23  2:12  Assimilator  
  23  2:13  Warp Gate  
  23  2:50  Robotics Facility  
  23  2:51  Pylon  
  23  3:00  Gateway  
  23  3:02  Pylon  
  23  3:08  Probe x2 (Chrono Boost)  
  25  3:18  Probe (Chrono Boost)  
  25  3:19  Probe (Chrono Boost)  
  27  3:26  Gateway  
  27  3:29  Probe (Chrono Boost)  
  27  3:30  Pylon  
  30  3:42  Warp Prism (Chrono Boost)  
  30  3:47  Probe  
  31  3:51  Probe  
  31  3:53  Gateway  
  32  4:02  Pylon  
  32  4:20  Gateway  
  32  4:26  Stalker x3  
  38  4:52  Stalker  
  40  4:53  Stalker x3  
  46  5:19  Zealot x2  
  50  5:29  Stalker x3  
  54  5:53  Zealot x5  
  44  6:21  Stalker x2  
  44  6:22  Stalker x3  
  34  6:53  Zealot x3  
  34  6:54  Zealot  
  40  7:03  Stalker  
  40  7:18  Stalker x4  
  36  7:41  Stalker x4  
  40  7:50  Probe  
  41  8:01  Probe  
  41  8:05  Stalker x3  
  44  8:06  Stalker x2  
  44  8:11  Probe  
  53  8:22  Probe  
  44  8:33  Probe  
  42  8:38  Assimilator  
  43  8:43  Twilight Council, Probe  
  43  8:44  Pylon  
  44  8:53  Gateway  
  44  8:54  Probe, Gateway  
  45  9:04  Probe  
  45  9:09  Forge  
  46  9:15  Probe  
  51  9:17  Immortal (Chrono Boost)  
  51  9:25  Probe  
  52  9:32  Stalker x4  
  60  9:51  Stalker x3  
  66  9:58  Protoss Ground Weapons Level 1 (Chrono Boost)  
  66  10:01  Blink (Chrono Boost)  
  66  10:25  Observer  
  67  10:37  Probe  
  67  10:41  Nexus, Stalker x3  
  74  10:43  Pylon  
  74  10:49  Probe  
  75  11:05  Zealot  
  77  11:14  Immortal  
  77  11:16  Assimilator  
  81  11:24  Photon Cannon  
  81  11:28  Photon Cannon  
  71  11:49  Protoss Ground Armor Level 1 (Chrono Boost)  
  71  11:50  Stalker x2  
  71  11:53  Immortal  
  77  12:05  Stalker  
  77  12:07  Probe  
  80  12:17  Probe  
  81  12:24  Photon Cannon  
  81  12:28  Probe  
  82  12:32  Immortal  
  86  12:39  Probe  
  87  12:50  Probe  
  88  13:00  Probe  
  89  13:08  Templar Archives  
  89  13:11  Probe  
  90  13:13  Stalker x2  
  90  13:15  Stalker  
  96  13:21  Probe  
  93  13:32  Probe  
  94  13:39  Protoss Ground Weapons Level 2 (Chrono Boost)  
  94  13:43  Stalker  
  94  13:44  Stalker x5  
  106  13:50  Psionic Storm  
  106  13:55  Probe  
  107  14:06  Probe  
  108  14:17  Probe  
  109  14:33  Pylon  
  109  14:35  Pylon  
  109  14:37  Pylon  
  109  14:41  Pylon  
  109  14:49  Probe  
  110  15:00  Probe  
  111  15:11  Probe  
  111  15:13  Stalker x2  
  111  15:14  High Templar x2  
  120  15:21  Probe  
  121  15:32  Probe  
  122  15:44  Assimilator x2  
  122  15:45  Assimilator  
  121  15:59  High Templar  
  121  16:00  Stalker  
  121  16:01  Zealot x3  
  121  16:02  Zealot x2  
  129  16:33  High Templar  
  97  17:17  Stalker x6  
  97  17:18  Stalker  
  111  17:37  Gateway  
  111  17:39  Gateway x2  
  111  17:41  Gateway  
  111  17:48  Zealot x2  
  111  17:49  Zealot x3  
  121  17:55  Stalker x2  
Tags
 
Composition
MMM Bio
League
Gold
Matchup
PvT
Add a new tag
Caveats
  • Supply blocks, unpowered buildings, or Contaminate may cause inaccurate times.
  • Supply counts are checked every 10 seconds.